 Dungeon Crawl Stone Soup version 0.21.1-1-g345015fe64 (webtiles) character file.

1524 Paul32 the Cleaver (level 8, 0/63 HPs)
             Began as a Centaur Fighter on June 22, 2018.
             Was an Initiate of Ru.
             Slain by an orc warrior
             ... wielding a +0 glaive
              (23 damage)
             ... on level 7 of the Dungeon.
             The game lasted 00:22:20 (7308 turns).

Paul32 the Cleaver (Centaur Fighter)                Turns: 7308, Time: 00:22:21

Health: 0/63       AC:  9    Str: 21    XL:     8   Next: 54%
Magic:  8/8        EV:  1    Int:  8    God:    Ru [......]
Gold:   246        SH:  8    Dex:  8    Spells: 7/7 levels left

rFire    . . .     SeeInvis .   a - +0 war axe
rCold    . . .     Gourm    .   c - +0 shield
rNeg     . . .     Faith    .   B - +0 plate armour
rPois    .         Spirit   .   (no helmet)
rElec    .         Reflect  .   (no cloak)
rCorr    .         Harm     .   (no gloves)
MR       .....                  (no barding)
Stlth    ..........             (no amulet)
HPRegen  0.20/turn              (no ring)
MPRegen  0.11/turn              (no ring)

@: very quick
A: large, hooves 3, deformed body, speed 2, tough skin 3
a: Sacrifice a Hand, Sacrifice Durability, Sacrifice Arcana, Reject Sacrifices,
Renounce Religion


You were on level 7 of the Dungeon.
You worshipped Ru.
Ru was noncommittal.
You were hungry.

You visited 1 branch of the dungeon, and saw 7 of its levels.

You collected 246 gold pieces.

Inventory:

Hand Weapons
 a - a +0 war axe (weapon)
Armour
 b - a +0 scale mail
 c - a +0 shield (worn)
 B - a +0 plate armour (worn)
Jewellery
 e - an uncursed ring of protection from cold {unknown}
 m - an uncursed amulet of the gourmand {unknown}
Wands
 q - a wand of random effects (39)
 u - a wand of acid (8)
 x - a wand of iceblast (10)
 y - a wand of polymorph (7)
 C - a wand of digging (18)
Scrolls
 i - 2 scrolls of remove curse
 l - 4 scrolls of fear {unknown}
 n - 3 scrolls of enchant weapon {unknown}
 w - 6 scrolls of identify {unknown}
 A - 2 scrolls of enchant armour {unknown}
Potions
 d - 4 potions of might
 g - 5 potions of curing {unknown}
 h - 3 potions of brilliance {unknown}
 j - a potion of lignification {unknown}
 o - a potion of heal wounds {unknown}
 p - 2 potions of ambrosia {unknown}
 r - a potion of resistance {unknown}
 s - a potion of mutation {unknown}
 t - a potion of magic {unknown}
 v - a potion of haste {unknown}
 z - 2 potions of degeneration {unknown}
Books
 k - a book of Misfortune

   Spells                             Type                      Level
   a - Confusing Touch                Hexes                        1
   b - Confuse                        Hexes                        3
   c - Gell's Gravitas                Translocation                3
   d - Petrify                        Transmutation/Earth          4
   e - Metabolic Englaciation         Hexes/Ice                    5
   f - Yara's Violent Unravelling     Hexes/Transmutation          5
 D - a book of Battle

   Spells                             Type                      Level
   a - Infusion                       Charms                       1
   b - Shroud of Golubria             Charms/Translocation         2
   c - Song of Slaying                Charms                       2
   d - Spectral Weapon                Hexes/Charms                 3
   e - Regeneration                   Charms/Necromancy            3
Comestibles
 f - 14 rations


   Skills:
 - Level 3.3 Fighting
 + Level 9.7 Axes
 - Level 2.3 Armour
 - Level 2.4 Shields


You had 7 spell levels left.
You didn't know any spells.

Dungeon Overview and Level Annotations

Branches:
Dungeon (7/15)             Temple (0/1) D:5

Altars:
Dithmenos
Gozag
Kikubaaqudgha
Makhleb
Qazlal
Ru
Wu Jian
Xom
Yredelemnul
Zin


Innate Abilities, Weirdness & Mutations

You have hooves in place of feet.
Armour fits poorly on your strangely shaped body.
You cover ground very quickly.
You have extremely tough skin. (AC +3)


Message History

The orc wizard is lightly wounded.
The orc wizard hits you but does no damage.
You block the orc warrior's attack.
You hit the orc wizard.
The orc wizard is moderately wounded.
The orc wizard mumbles some strange words.
The orc wizard blinks!
You block the orc wizard's attack.
The orc warrior hits you from afar with a glaive!
You slash the orc wizard!
The orc wizard is almost dead.
The orc wizard casts a spell at you. The magic dart hits you!
You hit the orc wizard.
You kill the orc wizard!
The orc warrior hits you from afar with a glaive!
You are too injured to fight recklessly!
You are too injured to fight recklessly!
There is an open door here.
The orc warrior hits you from afar with a glaive!!
You die...

##### #...##########
+...'@.......#
#..o########.# #...#
#<..## ###### #..)#
###..###..... #...#
#....'..... #o..#
##..##..... #...#
##.##.####
....##########..#.####
.....+.................


You could see an orc warrior.

Vanquished Creatures
  Prince Ribbit (D:5)
  Sigmund (D:2)
  An ice beast (D:5)
  A phantom (D:5)
  An ogre (D:5)
  2 centaurs (D:6)
  2 scorpions (D:6)
  A centaur zombie (D:6)
  2 hounds
  Crazy Yiuf (D:5)
  2 orc priests (D:5)
  4 orc wizards
  A centaur skeleton (D:7)
  Ijyb (D:5)
  3 worker ants (D:4)
  An iguana (D:5)
  A howler monkey skeleton (D:5)
  3 gnolls (D:4)
  5 adders
  A shadow imp (D:6)
  3 adder zombies
  4 dart slugs
  A leopard gecko (D:6)
  18 orcs
  3 ball pythons
  6 giant cockroaches
  8 hobgoblins
  3 jackals
  9 kobolds
  4 quokkas
  A bat (D:6)
  3 frilled lizards
  10 goblins
  7 rats
115 creatures vanquished.

Notes
Turn   | Place    | Note
-------+----------+-------------------------------------------
     0 | D:1      | Paul32 the Centaur Fighter began the quest for the Orb.
     0 | D:1      | Reached XP level 1. HP: 19/19 MP: 1/1
    72 | D:1      | Reached XP level 2. HP: 7/26 MP: 2/2
   602 | D:1      | Reached skill level 2 in Axes
   837 | D:1      | Reached XP level 3. HP: 29/31 MP: 3/3
  1131 | D:2      | Found a basalt altar of Yredelemnul.
  1132 | D:2      | Found a stormy altar of Qazlal.
  1132 | D:2      | Found a shadowy altar of Dithmenos.
  1133 | D:2      | Found a glowing silver altar of Zin.
  1681 | D:2      | Noticed Sigmund
  1694 | D:2      | Killed Sigmund
  1694 | D:2      | Reached skill level 4 in Axes
  1694 | D:2      | Reached XP level 4. HP: 14/38 MP: 4/4
  1694 | D:2      | Reached XP level 5. HP: 17/45 MP: 5/5
  1975 | D:2      | Found an ancient bone altar of Kikubaaqudgha.
  2005 | D:2      | Found an opulent altar of Gozag.
  2195 | D:3      | Reached skill level 5 in Axes
  2467 | D:3      | Reached XP level 6. HP: 51/51 MP: 6/6
  2723 | D:4      | Found an ornate altar of the Wu Jian Council.
  3073 | D:4      | Found a sacrificial altar of Ru.
  3083 | D:4      | Became a worshipper of Ru the Awakened
  3318 | D:4      | Reached skill level 6 in Axes
  3524 | D:5      | Entered Level 5 of the Dungeon
  3540 | D:5      | Noticed an ice beast
  3547 | D:5      | Killed an ice beast
  3588 | D:5      | Found a runed door.
  3669 | D:5      | Noticed Ijyb
  3688 | D:5      | Killed Ijyb
  3688 | D:5      | Reached XP level 7. HP: 57/57 MP: 7/7
  3936 | D:5      | Reached skill level 7 in Axes
  3981 | D:5      | Found a staircase to the Ecumenical Temple.
  4446 | D:5      | Reached skill level 8 in Axes
  4623 | D:5      | Noticed Prince Ribbit
  4975 | D:5      | Killed Prince Ribbit
  4975 | D:5      | Reached XP level 8. HP: 23/63 MP: 8/8
  5372 | D:5      | Noticed Crazy Yiuf
  5380 | D:5      | Killed Crazy Yiuf
  5960 | D:6      | Found a burning altar of Makhleb.
  6036 | D:6      | Reached skill level 9 in Axes
  6338 | D:6      | Found a shimmering altar of Xom.
  7308 | D:7      | Slain by an orc warrior

Skill      XL: |  1  2  3  4  5  6  7  8 |
---------------+-------------------------+-----
Axes           | 2 4 5 6 8 9 |  9.7
Fighting       | |  3.3
Armour         | |  2.3
Shields        | |  2.4

Action                   |  1- 3 |  4- 6 |  7- 9 || total
-------------------------+-------+-------+-------++-------
Melee: War axe           |    86 |   106 |   188 ||   380
       Kick              |    19 |    29 |    41 ||    89
  Use: Scroll            |       |     1 |     3 ||     4
 Stab: Invisible         |       |       |     1 ||     1
  Eat: Ration            |     1 |       |     3 ||     4
       Chunk             |       |     3 |       ||     3
Armor: Scale mail        |    29 |    45 |    23 ||    97
       Plate armour      |       |       |    27 ||    27
Dodge: Dodged            |    17 |    22 |    25 ||    64
Block: Shield            |    34 |    42 |    62 ||   138
